 Dungeon Crawl Stone Soup version 0.25.0-15-gac7dcb8919 (webtiles) character file.

Game seed: 13837835016249929909

15335 protoss039 the Eclecticist (level 12, -7/59 HPs)
             Began as a Deep Elf Earth Elementalist on June 29, 2020.
             Was a Believer of Vehumet.
             Killed from afar by a gargoyle (20 damage)
             ... with a stone arrow
             ... on level 11 of the Dungeon.
             The game lasted 00:52:56 (15353 turns).

protoss039 the Eclecticist (DEEE)                  Turns: 15353, Time: 00:52:57

Health: -7/59      AC:  5    Str: 14    XL:     12   Next: 0%
Magic:  12/35      EV: 13    Int: 26    God:    Vehumet [**....]
Gold:   865        SH:  0    Dex: 15    Spells: 30/45 levels left

rFire    . . .     SeeInvis .   N - +12 dagger of the Magic Mushroom {freeze, Str+3}
rCold    . . .     Gourm    .   (no shield)
rNeg     . . .     Faith    .   c - +0 robe
rPois    .         Spirit   .   e - +0 helmet
rElec    .         Reflect  +   B - +0 cloak
rCorr    +         Harm     .   q - +0 pair of gloves
MR       +....                  (no boots)
Stlth    +.........             I - amulet of reflection
HPRegen  0.19/turn              n - +6 ring of strength
MPRegen  0.24/turn              u - ring of resist corrosion

@: confused
A: no striking features
a: Renounce Religion


You were on level 11 of the Dungeon.
You worshipped Vehumet.
Vehumet was pleased with you.
You were not hungry.

You visited 2 branches of the dungeon, and saw 12 of its levels.

You collected 865 gold pieces.

Inventory:

Hand Weapons
 K - the +5 hand axe of the Skies Above {chaos, rElec rF+ Int+4}
   (You took it off an orc wizard on level 10 of the Dungeon)

   Each time it hits an enemy it has a different, random effect.
   It affects your intelligence (+4).
   It protects you from fire.
   It insulates you from electricity.
 N - the +12 dagger of the Magic Mushroom (weapon) {freeze, Str+3}
   (You took it off an ogre mage on level 10 of the Dungeon)

   It has been specially enchanted to freeze those struck by it, causing extra
   injury to most foes and up to half again as much damage against particularly
   susceptible opponents.
   It can also slow down cold-blooded creatures.
   It affects your strength (+3).
Missiles
 b - 237 stones (quivered)
Armour
 c - a +0 robe (worn)
 e - a +0 helmet (worn)
 q - a +0 pair of gloves (worn)
 B - a +0 cloak (worn)
Jewellery
 n - a +6 ring of strength (left hand)
 u - a ring of resist corrosion (right hand)
 I - an amulet of reflection (around neck)
 M - an uncursed amulet of magic regeneration
Wands
 y - a wand of disintegration (8)
 C - a wand of paralysis (17)
 E - a wand of clouds (3)
 F - a wand of polymorph (3)
Scrolls
 a - 2 scrolls of enchant armour
 f - 4 scrolls of teleportation
 g - 4 scrolls of enchant weapon
 j - a scroll of noise {unknown}
 k - 2 scrolls of summoning
 m - a scroll of fear {unknown}
 p - 2 scrolls of amnesia {unknown}
 r - 5 scrolls of blinking {unknown}
 s - 5 scrolls of remove curse
 t - 3 scrolls of immolation {unknown}
 G - a scroll of fog {unknown}
 H - a scroll of identify
 L - a scroll of silence {unknown}
Potions
 h - a potion of curing
 i - a potion of haste
 l - a potion of lignification
 o - 2 potions of flight
 v - 2 potions of resistance
 w - 2 potions of heal wounds
 x - a potion of brilliance
 z - a potion of ambrosia
 A - 3 potions of mutation
 D - a potion of stabbing
Comestibles
 d - 22 rations


   Skills:
 - Level 2.4 Dodging
 - Level 2.4 Stealth
 * Level 17.1 Spellcasting
 + Level 4.8 Conjurations
 + Level 1.4 Transmutations
 * Level 14.0 Earth Magic


You had 30 spell levels left.
You knew the following spells:

 Your Spells              Type           Power        Failure   Level  Hunger
a - Sandblast             Erth           ######       0%          1    None
b - Passwall              Tmut/Erth      ######..     1%          2    None
c - Stone Arrow           Conj/Erth      ######       1%          3    None
d - Petrify               Tmut/Erth      ######..     1%          4    None
e - Lee's Rapid Deconstr  Erth           #######...   1%          5    None

Your spell library contained the following spells:

 Spells                   Type           Power        Failure   Level  Hunger
 Frozen Ramparts          Ice            ###...       7%          3    None
 Beastly Appendage        Tmut           ####..       1%          1    None
 Shock                    Conj/Air       ####         1%          1    None
 Static Discharge         Conj/Air       ####....     2%          3    None
 Swiftness                Chrm/Air       ###.....     3%          2    None
 Sticky Flame             Conj/Fire      ####....     9%          4    None
 Airstrike                Air            ###.......   22%         4    None
 Fireball                 Conj/Fire      ####......   22%         5    None
 Lightning Bolt           Conj/Air       ####......   22%         5    None


Dungeon Overview and Level Annotations

Branches:
Dungeon (11/15)            Temple (1/1) D:6            Lair (0/6) D:10
    Orc (0/2) D:10

Altars:
Ashenzari
Cheibriados
Dithmenos
Elyvilon
Fedhas
Gozag
Hepliaklqana
Kikubaaqudgha
Makhleb
Nemelex Xobeh
Okawaru
Qazlal
Ru
Sif Muna
Trog
Uskayaw
Vehumet
Wu Jian
Xom
Yredelemnul
Zin
The Shining One

Shops:
D:6 *   D:10 *


Message History

You hear a shout!
You start resting.
A gargoyle comes into view. It is wielding a +0 mace.
Unknown command.
Casting: Lee's Rapid Deconstruction (dangerous; 1% risk of failure)
Confirm with . or Enter, or press ? or * to list all spells.
You don't have enough magic to cast that spell.
Unknown command.
Okay, then.
You are confused.
You feel invigorated.
The gargoyle hurls a stone arrow at you.
The stone arrow hits you!!
* * * LOW HITPOINT WARNING * * *
Unknown command.
Unknown command.
Unknown command.
The gargoyle hurls a stone arrow at you.
The stone arrow hits you!!
You die...

####..##### .#
####....######.##..
...................
#....######....#..
....#####...#### )#
###....#..######.. #..>
#######9...#........ ##...##
#.......#.........#.
.......####....@......#######
.....#....))†(.[..###.......#
c......)...)####### #######..
............# ......(..(.##
...........# ...).......#
....)#.....# .... #######


You could see a gargoyle.

Vanquished Creatures
  2 centaur warriors (D:10)
  An ogre mage (D:10)
  An unseen horror (D:10)
  2 ugly things (D:10)
  A shining eye (shapeshifter) (D:10)
  Maurice (D:11)
  Joseph (D:7)
  A gargoyle (D:10)
  2 trolls
  3 hippogriffs
  A wyvern (D:8)
  Sigmund (D:2)
  A basilisk (D:10)
  A human (D:7)
  4 hogs (D:7)
  3 yaks (D:10)
  A steam dragon (D:10)
  3 hungry ghosts
  A soldier ant (D:11)
  2 acid dragons
  A water moccasin (D:10)
  3 porcupines (D:10)
  A sky beast (D:5)
  2 phantoms
  A hornet zombie (D:9)
  4 orc warriors
  An eye of draining (D:10)
  6 ogres
  3 ice beasts
  10 centaurs
  4 crocodiles (D:10)
  3 big kobolds
  Blork the orc (D:5)
  A gnoll sergeant (D:9)
  8 bullfrogs
  A wyvern zombie (D:7)
  A jelly (D:9)
  6 scorpions
  8 killer bees
  5 howler monkeys
  2 vampire bats (D:6)
  4 crimson imps
  2 centaur zombies
  2 quasits
  6 hounds
  4 orc priests
  3 bullfrog skeletons
  Crazy Yiuf (D:5)
  2 centaur skeletons
  7 iguanas
  A gnoll shaman (D:9)
  14 orc wizards
  4 worker ants
  3 hound skeletons
  A howler monkey zombie (D:10)
  2 worker ant zombies
  16 gnolls
  11 adders
  3 shadow imps
  2 oozes
  2 adder zombies
  2 adder skeletons
  A worm (D:2)
  4 dart slugs
  3 leopard geckos (D:2)
  42 orcs
  4 ball pythons
  17 bats
  8 giant cockroaches
  8 goblins
  4 hobgoblins
  9 jackals
  22 kobolds
  2 quokkas
  5 frilled lizards
  2 goblin skeletons (D:4)
  2 goblin zombies (D:4)
  2 kobold skeletons (D:4)
  A kobold zombie (D:4)
  An orc skeleton (D:4)
  2 orc zombies (D:4)
  A quokka skeleton (D:6)
  5 rats
342 creatures vanquished.

Vanquished Creatures (others)
  A wizard (D:3)
  4 fungi (D:10)
  13 plants (D:10)
18 creatures vanquished.

Grand Total: 360 creatures vanquished

Notes
Turn   | Place    | Note
-------+----------+-------------------------------------------
     0 | D:1      | protoss039 the Deep Elf Earth Elementalist began the quest
                  | for the Orb.
     0 | D:1      | Reached XP level 1. HP: 10/10 MP: 6/6
     3 | D:1      | Noticed an electric eel
     3 | D:1      | Noticed an electric eel
   438 | D:1      | Reached XP level 2. HP: 15/15 MP: 6/8
  1013 | D:2      | Reached XP level 3. HP: 19/19 MP: 6/10
  1156 | D:2      | Reached skill level 4 in Spellcasting
  1166 | D:2      | Learned a level 2 spell: Passwall
  1514 | D:2      | Reached XP level 4. HP: 18/24 MP: 3/12
  1822 | D:2      | Noticed Sigmund
  1832 | D:2      | Killed Sigmund
  1832 | D:2      | Reached skill level 6 in Spellcasting
  1832 | D:2      | Reached skill level 5 in Earth Magic
  1832 | D:2      | Reached XP level 5. HP: 19/28 MP: 7/15
  1841 | D:2      | Learned a level 3 spell: Stone Arrow
  2151 | D:2      | Found a bloodstained altar of Trog.
  2157 | D:2      | Found an iron altar of Okawaru.
  2247 | D:3      | Reached XP level 6. HP: 32/32 MP: 11/17
  2429 | D:3      | Learned a level 4 spell: Petrify
  2437 | D:3      | Learned a level 5 spell: Lee's Rapid Deconstruction
  2521 | D:3      | Found a bloodstained altar of Trog.
  2522 | D:3      | Noticed a wizard
  2528 | D:3      | Killed a wizard
  2791 | D:3      | Found a shadowy altar of Dithmenos.
  3080 | D:3      | Found a blossoming altar of Fedhas.
  3212 | D:3      | Found an opulent altar of Gozag.
  3527 | D:4      | Found a glowing golden altar of the Shining One.
  3705 | D:4      | Reached skill level 7 in Spellcasting
  4118 | D:4      | You fall into a shaft and drop 2 floors!
  4222 | D:6      | Reached skill level 1 in Conjurations
  4222 | D:6      | Reached XP level 7. HP: 26/36 MP: 3/20
  4616 | D:6      | Reached skill level 8 in Spellcasting
  5202 | D:5      | Entered Level 5 of the Dungeon
  5244 | D:4      | Reached skill level 9 in Spellcasting
  5244 | D:4      | Reached XP level 8. HP: 26/41 MP: 2/23
  5477 | D:4      | Found a sparkling altar of Nemelex Xobeh.
  5940 | D:5      | Found a sparkling altar of Nemelex Xobeh.
  6004 | D:5      | Noticed Blork the orc
  6006 | D:5      | Killed Blork the orc
  6188 | D:5      | Reached skill level 10 in Spellcasting
  6709 | D:5      | Found a runed translucent door.
  6710 | D:5      | Noticed Crazy Yiuf
  6715 | D:5      | Killed Crazy Yiuf
  6935 | D:6      | Found a staircase to the Ecumenical Temple.
  6946 | Temple   | Entered the Ecumenical Temple
  7157 | D:6      | Found a sacrificial altar of Ru.
  7361 | D:6      | Found Bopier's Lightly-Used Armoury.
  7621 | D:7      | Noticed Joseph
  7622 | D:7      | Reached skill level 11 in Spellcasting
  7672 | D:7      | Reached XP level 9. HP: 45/45 MP: 20/26
  7705 | D:7      | Found a basalt altar of Yredelemnul.
  8350 | D:7      | Killed Joseph
  8350 | D:7      | Reached skill level 12 in Spellcasting
  8492 | D:7      | Reached skill level 10 in Earth Magic
  8974 | D:7      | Reached skill level 13 in Spellcasting
  9140 | D:7      | Reached XP level 10. HP: 50/50 MP: 18/29
 10793 | D:8      | Found a white marble altar of Elyvilon.
 11442 | D:9      | Reached skill level 14 in Spellcasting
 11696 | D:9      | Found a radiant altar of Vehumet.
 11893 | D:9      | Became a worshipper of Vehumet
 12075 | D:9      | Found a stormy altar of Qazlal.
 12745 | D:10     | Entered Level 10 of the Dungeon
 12747 | D:10     | Reached * piety under Vehumet
 12747 | D:10     | Offered knowledge of Magic Dart by Vehumet.
 12803 | D:10     | Found a staircase to the Orcish Mines.
 12857 | D:10     | Noticed a gargoyle
 12859 | D:10     | Killed a gargoyle
 13168 | D:10     | Got a steaming hand axe
 13169 | D:10     | Identified the +0 hand axe of Juuklu Pani {vorpal, *Corrode
                  | Str+3 Dex+2} (You found it on level 10 of the Dungeon)
 13182 | D:10     | Killed an unseen horror
 13182 | D:10     | Reached skill level 15 in Spellcasting
 13182 | D:10     | Reached XP level 11. HP: 17/54 MP: 10/32
 13536 | D:10     | Noticed a shining eye
 13538 | D:10     | Killed a shining eye
 13603 | D:10     | Noticed a centaur warrior
 13608 | D:10     | Killed a centaur warrior
 13823 | D:10     | Identified the +5 hand axe of the Skies Above {chaos, rElec
                  | rF+ Int+4}
 13824 | D:10     | Noticed a centaur warrior
 13824 | D:10     | Offered knowledge of Searing Ray by Vehumet.
 13825 | D:10     | Killed a centaur warrior
 13825 | D:10     | Reached ** piety under Vehumet
 13827 | D:10     | Identified the +12 dagger of the Magic Mushroom {freeze,
                  | Str+3}
 13827 | D:10     | Noticed an ogre mage
 13848 | D:10     | Killed an ogre mage
 13848 | D:10     | Reached skill level 16 in Spellcasting
 13966 | D:10     | Noticed a white ugly thing
 13966 | D:10     | Noticed a red ugly thing
 13969 | D:10     | Killed a red ugly thing
 13969 | D:10     | Killed a white ugly thing
 13977 | D:10     | Identified the Tome of Kismet
 14448 | D:10     | Found a staircase to the Lair.
 14664 | D:10     | Found Imumu's Serpentskin Sales.
 15091 | D:11     | Noticed Maurice
 15093 | D:11     | Killed Maurice
 15145 | D:11     | Offered knowledge of Frozen Ramparts by Vehumet.
 15321 | D:11     | Reached skill level 17 in Spellcasting
 15345 | D:11     | Reached XP level 12. HP: 20/59 MP: 0/35
 15353 | D:11     | Killed from afar by a gargoyle

Illustrated notes

Levels and vault maps discovered:
D:1:      arrival_aquarium_b, layout_loops_ring, hangedman_glass_teeth,
          chequers_serial_rivers_micro_e
D:2:      layout_rooms, minitemple, serial_forest, infiniplex_forest_straight_2,
          infiniplex_forest_clump_large, infiniplex_forest_zigzag_1,
          infiniplex_forest_clump_double, infiniplex_forest_lined_2,
          uniq_sigmund
D:3:      layout_rooms, marbit_many_paths, fedhas_altar_fruit_tree,
          nicolae_dithmenos_shadow_blocks, first_ration, trog_wizard
D:4:      layout_basic, lemuel_doored_altar, nicolae_tso_besieged_by_evil
D:5:      layout_basic, nemelex_dance_club_becter, uniq_crazy_yiuf_cottage,
          uniq_blork_the_orc
D:6:      layout_loops_corners, nicolae_ru_path_of_blood, temple_statues,
          minivault_11, roderic_batcave, minmay_shop_damaged
D:7:      layout_gridville, old_standard_altar, minmay_misc_feat_pillars,
          grunt_livestock, hangedman_decor_points, kb_rosetta, uniq_joseph
D:8:      layout_cave_pools, columned_hall_lemuel, elyvilon_altar_3
D:9:      layout_gridville, vehumet_crystals, kennysheep_mini
D:10:     minmay_the_grid_square_5x5_3x3
          [minmay_the_grid_square_5x5_broken_cross,
          minmay_the_grid_square_5x5_comb, minmay_the_grid_square_5x5_n_small,
          minmay_the_grid_square_5x5_almost_minimal,
          minmay_the_grid_square_5x5_megaprize_crossed,
          minmay_the_grid_square_5x5_tri_point, minmay_the_grid_square_5x5_mess,
          minmay_the_grid_square_5x5_lines,
          minmay_the_grid_square_5x5_moneybag], layout_basic,
          minmay_lair_entry_grove, orc_0_dummy, chequers_serial_rivers_room_b,
          st_stairs_3, guppyfry_shop_venom
D:11:     layout_rooms, serial_shops, nicolae_shop_waterfront,
          serial_corexii_hall, chequers_hall_statues_y,
          corexii_hall_statues_deadend, minivault_8, uniq_urug, uniq_maurice
Temple:   minmay_temple_bridge_abc

Skill      XL: |  1  2  3  4  5  6  7  8  9 10 11 |
---------------+----------------------------------+-----
Earth Magic    | 4 5 6 7 8 10 12 14 | 14.0
Spellcasting   | 4 6 7 9 11 13 15 17 | 17.1
Conjurations   | 1 2 3 4 |  4.8
Dodging        | |  2.4
Stealth        | |  2.4
Transmutations | |  1.4

Action                   |  1- 3 |  4- 6 |  7- 9 | 10-12 || total
-------------------------+-------+-------+-------+-------++-------
Melee: Short sword       |    16 |    23 |    21 |       ||    60
       Dagger            |       |       |       |     9 ||     9
       Hand axe          |       |       |       |     3 ||     3
 Cast: Sandblast         |    42 |    48 |    47 |    40 ||   177
       Stone Arrow       |       |    41 |   100 |    88 ||   229
       Lee's Rapid Decon |       |     1 |    17 |    85 ||   103
       Passwall          |       |       |       |     1 ||     1
       Petrify           |       |       |       |     1 ||     1
  Use: Potion            |       |     3 |     1 |     4 ||     8
       Scroll            |       |       |    10 |     5 ||    15
 Stab: Sleeping          |       |     2 |       |       ||     2
  Eat: Chunk             |     1 |     9 |    15 |    18 ||    43
       Ration            |       |       |     1 |     1 ||     2
Armor: Robe              |     6 |    10 |    18 |    12 ||    46
       Skin              |       |     1 |       |       ||     1
Dodge: Dodged            |    27 |    33 |    53 |    22 ||   135
Block: Other             |       |       |       |     2 ||     2
       Reflection        |       |       |       |     1 ||     1
